 Dungeon Crawl Stone Soup version 0.25.1-2-g60ff931df9 (webtiles) character file.

Game seed: 3441405154007473850

177 DearestLeader the Chopper (level 5, 0/48 HPs)
             Began as a Hill Orc Monk on Nov 15, 2020.
             Slain by a leopard gecko (3 damage)
             ... on level 2 of the Dungeon.
             The game lasted 00:02:48 (1666 turns).

DearestLeader the Chopper (Hill Orc Monk)           Turns: 1666, Time: 00:02:49

Health: 0/48       AC:  2    Str: 15    XL:     5   Next: 57%
Magic:  5/5        EV: 13    Int: 10    God:
Gold:   92         SH:  0    Dex: 13    Spells: 4/4 levels left

rFire    . . .     SeeInvis .   p - +0 whip (venom)
rCold    . . .     Gourm    .   (no shield)
rNeg     . . .     Faith    .   b - +0 robe
rPois    .         Spirit   .   (no helmet)
rElec    .         Reflect  .   (no cloak)
rCorr    .         Harm     .   (no gloves)
MR       .....                  (no boots)
Stlth    ++........             (no amulet)
HPRegen  0.16/turn              (no ring)
MPRegen  0.09/turn              (no ring)

@: no status effects
A: no striking features
a: no special abilities


You were on level 2 of the Dungeon.
You were not hungry.

You visited 1 branch of the dungeon, and saw 2 of its levels.

You collected 92 gold pieces.

Inventory:

Hand Weapons
 a - a +0 hand axe
 p - a +0 whip of venom (weapon)
Missiles
 m - 7 silver javelins (quivered)
Armour
 b - a +0 robe (worn)
Scrolls
 d - 2 scrolls of identify {unknown}
 g - a scroll of enchant armour {unknown}
 j - 2 scrolls of blinking {unknown}
 n - a scroll of immolation {unknown}
 o - a scroll of remove curse {unknown}
Potions
 e - a potion of magic {unknown}
 h - a potion of curing
 i - a potion of might {unknown}
 k - a potion of ambrosia {unknown}
 l - 2 potions of flight {unknown}
Comestibles
 c - 3 rations
 f - a chunk of flesh


   Skills:
 - Level 5.0 Fighting
 * Level 7.0 Axes
 - Level 2.4 Dodging
 - Level 1.5 Stealth


You had 4 spell levels left.
You didn't know any spells.
Your spell library was empty.

Dungeon Overview and Level Annotations

Branches:
Dungeon (2/15)

Altars:


Message History

You closely miss something.
You hear some strange, mumbled words.
A puff of flame appears from out of thin air!
The puff of flame hits you.
* * * LOW HITPOINT WARNING * * *
You hit something but do no damage. Something barely misses you.
Something hits you but does no damage.
You hit something but do no damage.
You hear some strange, mumbled words.
A magic dart appears from out of thin air!
The magic dart hits you!
* * * LOW HITPOINT WARNING * * *
You hit something but do no damage.
Reactivating autopickup.
Your Axes skill increases to level 7!
You feel a bit more experienced.
Unknown command.
You completely miss the leopard gecko. The leopard gecko misses you.
You barely miss the leopard gecko. The leopard gecko bites you.
You die...

#(.# #..# #......#.## ##.###<##
#......##.## #.....# #......###.#
###.### #..>...# ##.
#.######......## #.
#..............###.
#..###...#.......#.
#........#...#.#.#. #########
##@##.............. #.......#
#l###...#.#...#.## ###.#####.#
#†###...........##
....#####.######.(...........####
.......##.#.......####.###...#
##..##.##.#.#####.# #.##..#.#
##..##.##.#.#####.## #.##....# #
##.............##..# #.#...#.# #
...########.##.##''# #.......# #


You could see a leopard gecko.

Vanquished Creatures
  A phantom (D:2)
  An orc wizard (D:2)
  3 adders (D:2)
  A leopard gecko (D:2)
  An orc (D:2)
  2 ball pythons
  3 bats
  2 giant cockroaches (D:1)
  2 goblins (D:2)
  4 hobgoblins
  2 jackals (D:1)
  5 kobolds
  2 frilled lizards
  3 rats (D:1)
32 creatures vanquished.

Notes
Turn   | Place    | Note
-------+----------+-------------------------------------------
     0 | D:1      | DearestLeader the Hill Orc Monk began the quest for the
                  | Orb.
     0 | D:1      | Reached XP level 1. HP: 19/19 MP: 1/1
    61 | D:1      | Reached XP level 2. HP: 7/26 MP: 2/2
   324 | D:1      | Reached skill level 5 in Axes
   803 | D:2      | Noticed a phantom
   855 | D:2      | Reached XP level 3. HP: 26/33 MP: 3/3
  1373 | D:2      | Killed a phantom
  1373 | D:2      | Reached skill level 5 in Fighting
  1373 | D:2      | Reached skill level 6 in Axes
  1373 | D:2      | Reached XP level 4. HP: 39/42 MP: 4/4
  1373 | D:2      | Reached XP level 5. HP: 45/48 MP: 5/5
  1663 | D:2      | HP: 2/48 [something/magic dart (9)]
  1664 | D:2      | Reached skill level 7 in Axes
  1666 | D:2      | Slain by a leopard gecko

Illustrated notes

Levels and vault maps discovered:
D:1:      matt_arrival_diagonals, layout_rooms
D:2:      layout_loops_cross, kennysheep_generic_room_3

Skill      XL: |  1  2  3  4  5 |
---------------+----------------+-----
Axes           | 5 6 7 |  7.0
Fighting       | 5 |  5.0
Dodging        | |  2.4
Stealth        | |  1.5

Action                   |  1- 3 |  4- 6 || total
-------------------------+-------+-------++-------
Melee: Hand axe          |    96 |     4 ||   100
       Whip              |       |    14 ||    14
Throw: Javelin           |     7 |     1 ||     8
  Use: Potion            |       |     1 ||     1
 Stab: Sleeping          |     4 |       ||     4
  Eat: Chunk             |     1 |     1 ||     2
Armor: Robe              |    16 |     3 ||    19
Dodge: Dodged            |    89 |    11 ||   100
